 Dungeon Crawl Stone Soup version 0.30-a0-166-g5d06c95188 (webtiles) character file.

Game seed: 8562712973108099397

2403 qw the Cleaver (level 9, -7/57 HPs)
             Began as a Gargoyle Fighter on Sept 28, 2022.
             Was an Initiate of Okawaru.
             Mangled by a komodo dragon (16 damage)
             ... on level 7 of the Dungeon.
             The game lasted 00:02:49 (7891 turns).

qw the Cleaver (Gargoyle Fighter)                   Turns: 7891, Time: 00:02:50

Health: -7/57      AC: 22    Str: 23    XL:     9   Next: 47%
Magic:  9/9        EV:  8    Int: 10    God:    Okawaru [......]
Gold:   383        SH:  4    Dex:  9    Spells: 8/8 levels left

rFire   + . .      SeeInvis .    Y - +4 war axe
rCold   + . .      Faith    .    c - +0 buckler
rNeg    + . .      Spirit   .    o - +0 chain mail
rPois   inf        Reflect  .    n - +2 helmet
rElec   +          Harm     .    h - scarf {rC+ rF+}
rCorr   .          Rampage  .    b - +2 pair of gloves
Will    .....                    (no boots)
Stlth   ..........               (no amulet)
HPRegen 0.19/turn                (no ring)
MPRegen 0.11/turn                (no ring)

@: about to teleport
A: sickness immunity, AC +6, negative energy resistance 1, electricity
resistance, torment resistance 1, petrification resistance
a: Renounce Religion


You were on level 7 of the Dungeon.
You worshipped Okawaru.
Okawaru was noncommittal.
You visited 2 branches of the dungeon, and saw 8 of its levels.

You collected 383 gold pieces.


Innate Abilities, Weirdness & Mutations

You are immune to sickness and miasma.
Your stone body is resilient. (AC +6)
You are immune to poison.
You resist negative energy. (rN+)
You are resistant to electric shocks. (rElec)
You are resistant to unholy torment.
You are immune to petrification.


   Skills:
 - Level 7.0 Fighting
 + Level 9.2 Axes
 - Level 1.0 Throwing
 - Level 5.0 Armour
 - Level 1.8 Dodging
 - Level 4.0 Shields


You had 8 spell levels left.
You didn't know any spells.
Your spell library was empty.

Inventory:

Hand Weapons
 m - a +0 morningstar
 Y - a +4 war axe (weapon)
Missiles
 j - 6 boomerangs (quivered)
Armour
 b - a +2 pair of gloves (worn)
 c - a +0 buckler (worn)
 h - a scarf of resistance (worn)
 n - a +2 helmet (worn)
 o - a +0 chain mail (worn)
 s - a +0 cloak
Scrolls
 q - a scroll of identify
 r - 4 scrolls of teleportation
Potions
 a - a potion of attraction
 d - 2 potions of might
 e - a potion of mutation
 f - 3 potions of lignification
 g - a potion of brilliance {unknown}
 i - a potion of haste
 k - 2 potions of invisibility {unknown}
 l - 2 potions of curing
 p - a potion of experience {unknown}
 t - a potion of flight {unknown}

Dungeon Overview and Level Annotations

Branches:
Dungeon (7/15)             Temple (1/1) D:6

Altars:
Ashenzari
Cheibriados
Dithmenos
Elyvilon
Fedhas
Gozag
Hepliaklqana
Kikubaaqudgha
Makhleb
Nemelex Xobeh
Okawaru
Qazlal
Ru
Sif Muna
Trog
Uskayaw
Vehumet
Wu Jian
Xom
Zin
The Shining One

Shops:
D:7 *

Annotations:
D:3 1 runed translucent door, Crazy Yiuf


Message History

You completely miss the gnoll. The gnoll hits you but does no damage.
You hit the gnoll.
The gnoll is moderately wounded.
The gnoll hits you but does no damage. x2
You closely miss the gnoll.
The gnoll is moderately wounded.
You block the gnoll's attack.
You slash the gnoll!
You kill the gnoll!
Okawaru accepts your kill.
You start resting.
HP restored.
Things that are here:
a +0 whip; a +0 halberd; a gnoll corpse
Found 2 stones.
Found a book of Sloth.
Found an escape hatch in the floor.
Enter note:
Found a stone staircase leading down.
Enter note: A komodo dragon comes into view.
The komodo dragon moves out of view.
Found a golden potion.
You see here 14 gold pieces.
You barely miss the komodo dragon. The komodo dragon bites you.
The komodo dragon bites you!
You hit the komodo dragon but do no damage.
The komodo dragon bites you!!
You slash the komodo dragon!
The komodo dragon is moderately wounded.
The komodo dragon bites you!
7890 ||| READING 5 scrolls of teleportation.
As you read the scroll of teleportation, it crumbles to dust.
You feel strangely unstable.
The komodo dragon bites you but does no damage.
You slash the komodo dragon!
The komodo dragon is heavily wounded.
The komodo dragon bites you!
You die...

....... ###.###
.......##.....#
~~~~~~.#..#..##
~~~~~~~...####
~~~~~~~.###
7.7~~~~..###
....~~~....##
.\.7~~~.....##
.>..~~~.@....#
777~~~~.l##..#
~~~~~~... ...#
~~~~~~.... ###
~~~~~##....
>.... .....#
.#... ..#..#
### !#####


You could see a komodo dragon.

Vanquished Creatures
  Grinder (D:3)
  Sigmund (D:4)
  A water moccasin (D:4)
  2 sky beasts (D:6)
  An ice beast (D:6)
  2 black bears
  2 phantoms (D:4)
  A necrophage (D:6)
  4 scorpions
  A hound (D:4)
  A jelly (D:5)
  An orc priest (D:4)
  3 gnoll boudas (D:6)
  Terence (D:3)
  8 iguanas
  4 orc wizards
  Ijyb (D:3)
  Robin (D:3)
  23 gnolls
  9 adders
  2 shadow imps
  A white imp (D:6)
  3 ufetubi
  2 worms
  2 dart slugs (D:2)
  20 orcs
  9 endoplasms
  6 giant cockroaches
  11 goblins
  10 hobgoblins
  7 jackals
  5 kobolds
  2 quokkas
  4 ball pythons
  6 bats
  A frilled lizard (D:2)
  11 rats
170 creatures vanquished.

Notes
Turn   | Place    | Note
-------+----------+-------------------------------------------
     0 | D:1      | qw the Gargoyle Fighter began the quest for the Orb.
     0 | D:1      | Reached XP level 1. HP: 14/14 MP: 1/1
     0 | D:1      | 0 ||| qw: Version: 0.2-a-12-gaebbb33
     0 | D:1      | 0 ||| qw: Game counter: 949
     0 | D:1      | 0 ||| qw: Always use a shield: true
     0 | D:1      | 0 ||| qw: God list: Okawaru
     0 | D:1      | 0 ||| qw: Allow faded altars: false
     0 | D:1      | 0 ||| qw: Do Orc after D:15 true
     0 | D:1      | 0 ||| qw: Do second Lair branch before Depths: true
     0 | D:1      | 0 ||| qw: Lair rune preference: random
     0 | D:1      | 0 ||| qw: Plans: Normal, Zot:1-4, God:TSO, Crypt, Tomb,
                  | Pan, Slime:5, Hells, Abyss, Orb
     0 | D:1      | 0 ||| PLANNING D:1-11
    95 | D:1      | Reached skill level 2 in Axes
   169 | D:1      | Reached XP level 2. HP: 19/19 MP: 2/2
  1116 | D:1      | 1116 ||| UPGRADING to scarf of resistance.
  1121 | D:1      | 1121 ||| UPGRADING to +0 chain mail.
  1131 | D:1      | 1131 ||| DROPPING +0 scale mail.
  1132 | D:1      | 1132 ||| DROPPING +6 ring of intelligence.
  1133 | D:1      | 1133 ||| READING scroll labelled NOZEOC FAMYLAU.
  1134 | D:1      | 1134 ||| READING scroll labelled KONENO HOUJUS.
  1135 | D:1      | 1135 ||| READING scroll labelled ZODYJ CIOF.
  1136 | D:1      | 1136 ||| DRINKING 2 glowing golden potions.
  1472 | D:2      | Reached skill level 3 in Axes
  1472 | D:2      | Reached XP level 3. HP: 20/23 MP: 3/3
  1640 | D:2      | You fall into a shaft and drop 1 floor!
  1650 | D:3      | 1650 ||| DROPPING amulet of faith.
  1651 | D:3      | 1651 ||| READING 2 scrolls labelled TAD NUNGARANIM.
  1652 | D:3      | 1652 ||| READING scroll of enchant weapon.
  1652 | D:3      | 1652 ||| ENCHANTING +1 war axe.
  1653 | D:3      | 1653 ||| READING scroll labelled JOSSOEBIETH.
  1657 | D:3      | Noticed Grinder
  1658 | D:3      | 1658 ||| Stepping ~*~*~tactically~*~*~ (hiding).
  1669 | D:3      | Paralysed by Grinder for 2 turns
  1673 | D:3      | 1673 ||| Stepping ~*~*~tactically~*~*~ (hiding).
  1674 | D:3      | 1674 ||| Stepping ~*~*~tactically~*~*~ (hiding).
  1677 | D:3      | Paralysed by Grinder for 4 turns
  1684 | D:3      | HP: 4/23 [Grinder (5)]
  1685 | D:3      | 1685 ||| Stepping ~*~*~tactically~*~*~ (hiding).
  1691 | D:3      | HP: 1/23 [Grinder/nerve-wracking pain (4)]
  1692 | D:3      | Killed Grinder
  1693 | D:3      | Reached skill level 5 in Axes
  1693 | D:3      | Reached XP level 4. HP: 1/28 MP: 4/4
  1693 | D:3      | Reached XP level 5. HP: 2/32 MP: 5/5
  1693 | D:3      | Reached XP level 6. HP: 2/37 MP: 6/6
  1823 | D:3      | 1823 ||| Stepping ~*~*~tactically~*~*~ (stealth).
  1829 | D:3      | 1829 ||| Stepping ~*~*~tactically~*~*~ (stealth).
  1981 | D:3      | 1981 ||| READING scroll labelled LECEUHUYWKYKID.
  1982 | D:3      | 1982 ||| READING scroll labelled XIZYAS PADGHOU.
  1983 | D:3      | 1983 ||| READING scroll labelled FUMOLEINIT.
  1998 | D:3      | 1998 ||| Stepping ~*~*~tactically~*~*~ (hiding).
  1999 | D:3      | 1999 ||| Stepping ~*~*~tactically~*~*~ (hiding).
  2038 | D:3      | 2038 ||| Stepping ~*~*~tactically~*~*~ (stealth).
  2051 | D:3      | 2051 ||| Stepping ~*~*~tactically~*~*~ (stealth).
  2060 | D:3      | Noticed Terence
  2061 | D:3      | 2061 ||| Stepping ~*~*~tactically~*~*~ (hiding).
  2070 | D:3      | Killed Terence
  2083 | D:3      | 2083 ||| Stepping ~*~*~tactically~*~*~ (stealth).
  2086 | D:3      | 2086 ||| UPGRADING to +2 pair of gloves.
  2211 | D:3      | 2211 ||| Stepping ~*~*~tactically~*~*~ (stealth).
  2223 | D:3      | 2223 ||| UPGRADING to +0 helmet.
  2230 | D:3      | 2230 ||| FLEEEEING.
  2232 | D:3      | 2232 ||| STAIRDANCE
  2287 | D:2      | 2287 ||| READING scroll of enchant weapon.
  2287 | D:2      | 2287 ||| ENCHANTING +2 war axe.
  2415 | D:2      | 2415 ||| DROPPING +0 club.
  2569 | D:2      | Found a faded altar of an unknown god.
  2575 | D:2      | 2575 ||| READING scroll of enchant weapon.
  2575 | D:2      | 2575 ||| ENCHANTING +3 war axe.
  2868 | D:2      | 2868 ||| READING scroll labelled POJALL XO ZYA.
  2869 | D:2      | 2869 ||| READING scroll labelled UHEACU IPTIE.
  2928 | D:3      | 2928 ||| STAIRDANCE
  3036 | D:3      | Noticed Robin
  3037 | D:3      | 3037 ||| Stepping ~*~*~tactically~*~*~ (stealth).
  3039 | D:3      | 3039 ||| Stepping ~*~*~tactically~*~*~ (hiding).
  3052 | D:3      | Killed Robin
  3156 | D:3      | 3156 ||| Stepping ~*~*~tactically~*~*~ (stealth).
  3236 | D:3      | 3236 ||| Stepping ~*~*~tactically~*~*~ (stealth).
  3237 | D:3      | 3237 ||| Stepping ~*~*~tactically~*~*~ (stealth).
  3241 | D:3      | Noticed Ijyb
  3253 | D:3      | Killed Ijyb
  3254 | D:3      | Reached skill level 6 in Axes
  3384 | D:3      | 3384 ||| Stepping ~*~*~tactically~*~*~ (stealth).
  3531 | D:3      | 3531 ||| Stepping ~*~*~tactically~*~*~ (stealth).
  3662 | D:3      | Found a runed translucent door.
  3663 | D:3      | Noticed Crazy Yiuf
  3666 | D:3      | 3666 ||| UPGRADING to +1 helmet.
  3676 | D:3      | 3676 ||| DROPPING +0 helmet.
  3677 | D:3      | 3677 ||| DRINKING 2 red potions.
  3678 | D:3      | 3678 ||| DROPPING potion of degeneration.
  3744 | D:4      | 3744 ||| Stepping ~*~*~tactically~*~*~ (stealth).
  3942 | D:4      | 3942 ||| FLEEEEING.
  3943 | D:4      | 3943 ||| FLEEEEING.
  3944 | D:4      | 3944 ||| FLEEEEING.
  3945 | D:4      | 3945 ||| FLEEEEING.
  3946 | D:4      | 3946 ||| FLEEEEING.
  3947 | D:4      | 3947 ||| FLEEEEING.
  3948 | D:4      | 3948 ||| FLEEEEING.
  3949 | D:4      | 3949 ||| FLEEEEING.
  3950 | D:4      | 3950 ||| FLEEEEING.
  3951 | D:4      | 3951 ||| FLEEEEING.
  3952 | D:4      | 3952 ||| FLEEEEING.
  3953 | D:4      | 3953 ||| FLEEEEING.
  3954 | D:4      | 3954 ||| FLEEEEING.
  3960 | D:4      | 3960 ||| FLEEEEING.
  3961 | D:4      | 3961 ||| FLEEEEING.
  3962 | D:4      | 3962 ||| FLEEEEING.
  3963 | D:4      | 3963 ||| FLEEEEING.
  3964 | D:4      | 3964 ||| FLEEEEING.
  3965 | D:4      | 3965 ||| FLEEEEING.
  3966 | D:4      | 3966 ||| FLEEEEING.
  3967 | D:4      | 3967 ||| FLEEEEING.
  3968 | D:4      | 3968 ||| FLEEEEING.
  3969 | D:4      | 3969 ||| FLEEEEING.
  3970 | D:4      | 3970 ||| FLEEEEING.
  4060 | D:4      | Reached XP level 7. HP: 42/43 MP: 7/7
  4202 | D:4      | 4202 ||| Stepping ~*~*~tactically~*~*~ (stealth).
  4205 | D:4      | 4205 ||| Stepping ~*~*~tactically~*~*~ (stealth).
  4206 | D:4      | 4206 ||| Stepping ~*~*~tactically~*~*~ (stealth).
  4207 | D:4      | 4207 ||| Stepping ~*~*~tactically~*~*~ (stealth).
  4214 | D:4      | 4214 ||| Stepping ~*~*~tactically~*~*~ (hiding).
  4226 | D:4      | 4226 ||| DROPPING +0 mace.
  4399 | D:4      | Reached skill level 7 in Axes
  4862 | D:4      | 4862 ||| Stepping ~*~*~tactically~*~*~ (stealth).
  4867 | D:4      | 4867 ||| Stepping ~*~*~tactically~*~*~ (stealth).
  4873 | D:4      | Noticed Sigmund
  4887 | D:4      | Killed Sigmund
  4888 | D:4      | Reached skill level 6 in Fighting
  4888 | D:4      | Reached XP level 8. HP: 36/51 MP: 8/8
  5032 | D:4      | 5032 ||| READING scroll labelled ISE BOEBRI.
  5033 | D:4      | 5033 ||| DRINKING 2 sedimented cyan potions.
  5034 | D:4      | 5034 ||| DRINKING 2 ruby potions.
  5035 | D:4      | 5035 ||| READING 2 scrolls of identify.
  5035 | D:4      | 5035 ||| IDENTIFYING silvery potion
  5036 | D:4      | 5036 ||| DROPPING potion of magic.
  5078 | D:5      | Entered Level 5 of the Dungeon
  5080 | D:5      | 5080 ||| STAIRDANCE
  5091 | D:4      | Reached skill level 1 in Dodging
  5114 | D:5      | 5114 ||| STAIRDANCE
  5305 | D:5      | Reached skill level 8 in Axes
  5464 | D:5      | 5464 ||| Stepping ~*~*~tactically~*~*~ (stealth).
  5509 | D:5      | Found a shimmering altar of Xom.
  5705 | D:5      | 5705 ||| Stepping ~*~*~tactically~*~*~ (stealth).
  5706 | D:5      | 5706 ||| Stepping ~*~*~tactically~*~*~ (stealth).
  5757 | D:5      | 5757 ||| Stepping ~*~*~tactically~*~*~ (stealth).
  5785 | D:5      | 5785 ||| Stepping ~*~*~tactically~*~*~ (stealth).
  5823 | D:5      | 5823 ||| READING scroll of enchant armour.
  5823 | D:5      | 5823 ||| ENCHANTING +1 helmet.
  6189 | D:5      | 6189 ||| READING scroll labelled BAOJIP YSAH.
  6190 | D:5      | 6190 ||| READING 2 scrolls of identify.
  6190 | D:5      | 6190 ||| IDENTIFYING green potion
  6220 | D:6      | Reached XP level 9. HP: 52/55 MP: 9/9
  6257 | D:6      | Reached skill level 9 in Axes
  6285 | D:6      | 6285 ||| Stepping ~*~*~tactically~*~*~ (hiding).
  6534 | D:6      | Found a staircase to the Ecumenical Temple.
  6535 | D:6      | 6535 ||| PLANNING TEMPLE
  6543 | Temple   | Entered the Ecumenical Temple
  6624 | Temple   | 6624 ||| PLANNING OKAWARU WORSHIP
  6751 | Temple   | Became a worshipper of Warmaster Okawaru
  6752 | Temple   | 6752 ||| PLANNING D:1-11
  6813 | D:6      | 6813 ||| Stepping ~*~*~tactically~*~*~ (stealth).
  6815 | D:6      | 6815 ||| Stepping ~*~*~tactically~*~*~ (hiding).
  6828 | D:6      | 6828 ||| Stepping ~*~*~tactically~*~*~ (stealth).
  6829 | D:6      | 6829 ||| Stepping ~*~*~tactically~*~*~ (stealth).
  6959 | D:6      | Found a glowing silver altar of Zin.
  7017 | D:6      | 7017 ||| Stepping ~*~*~tactically~*~*~ (hiding).
  7061 | D:6      | 7061 ||| Stepping ~*~*~tactically~*~*~ (stealth).
  7075 | D:6      | 7075 ||| DRINKING 3 potions of curing.
  7075 | D:6      | 7075 ||| (to cure confusion)
  7238 | D:6      | Found a glowing golden altar of the Shining One.
  7611 | D:6      | 7611 ||| READING 2 scrolls of identify.
  7611 | D:6      | 7611 ||| IDENTIFYING fuming silvery potion
  7650 | D:7      | 7650 ||| Stepping ~*~*~tactically~*~*~ (stealth).
  7653 | D:7      | 7653 ||| Stepping ~*~*~tactically~*~*~ (hiding).
  7684 | D:7      | 7684 ||| Stepping ~*~*~tactically~*~*~ (stealth).
  7750 | D:7      | 7750 ||| Stepping ~*~*~tactically~*~*~ (hiding).
  7751 | D:7      | 7751 ||| Stepping ~*~*~tactically~*~*~ (hiding).
  7752 | D:7      | 7752 ||| Stepping ~*~*~tactically~*~*~ (hiding).
  7754 | D:7      | 7754 ||| Stepping ~*~*~tactically~*~*~ (hiding).
  7756 | D:7      | 7756 ||| Stepping ~*~*~tactically~*~*~ (stealth).
  7764 | D:7      | Reached skill level 1 in Throwing
  7878 | D:7      | Found Yghoi's Island Escapes.
  7884 | D:7      | Noticed a komodo dragon
  7889 | D:7      | HP: 9/57 [komodo dragon (14)]
  7890 | D:7      | 7890 ||| READING 5 scrolls of teleportation.
  7891 | D:7      | Mangled by a komodo dragon

Levels and vault maps discovered:
D:1:      sevenhm_arrival_forest_fort_large_2, layout_loops_ring
D:2:      layout_loops_corners, ebering_ecumenical_altar_petrified,
          nicolae_concentric_dashed_squares_mild, minmay_pentomino_r4
D:3:      layout_loops_ring, uniq_crazy_yiuf_cottage, uniq_robin, uniq_grinder,
          uniq_ijyb, uniq_terence
D:4:      layout_cave_pods, minmay_liquid_box, uniq_sigmund
D:5:      layout_basic, tgw_xom, hangedman_decor_peaks_small, grunt_ministairs_2
D:6:      layout_loops_corners, zin_statuary, nicolae_tso_carved_into_rock,
          minmay_temple_entry_large_hall, supply_closet_lemuel
D:7:      layout_cave_pools, yredelemnul_forgotten_temple_becter,
          chequers_serial_rivers_small_a, nicolae_island_escapes
Temple:   mainiacjoe_temple_bowtie_tessellation

Skill      XL: |  1  2  3  4  5  6  7  8  9 |
---------------+----------------------------+-----
Axes           | 2 3 5 6 7 8 9 |  9.2
Fighting       | 4 6 7 |  7.0
Dodging        | 1 |  1.8
Armour         | 4 5 |  5.0
Shields        | 4 |  4.0
Throwing       | 1 |  1.0

Action                   |  1- 3 |  4- 6 |  7- 9 || total
-------------------------+-------+-------+-------++-------
Melee: War axe           |    97 |   147 |   271 ||   515
Throw: Boomerang         |       |       |     9 ||     9
  Use: Scroll            |     6 |     7 |     7 ||    20
       Potion            |     1 |     1 |     3 ||     5
Armor: Scale mail        |    18 |       |       ||    18
       Chain mail        |    44 |    68 |   169 ||   281
Dodge: Dodged            |    43 |    35 |    81 ||   159
Block: Buckler           |    13 |    32 |    53 ||    98

Table legend:
 A = Non-vault XP
 B = Vault XP
 C = Vault XP percentage of total XP
 D = Non-vault monster count
 E = Vault monster count
 F = Vault count percentage of total count
                 A         B        C        D         E       F
            +---------+---------+-------+---------+---------+-------
      Total |    2738 |     695 |  20.2 |     150 |      20 |  11.8
            +---------+---------+-------+---------+---------+-------
        D:1 |      26 |       0 |   0.0 |      15 |       0 |   0.0
        D:2 |      57 |       5 |   8.1 |      17 |       4 |  19.0
        D:3 |      67 |     393 |  85.4 |      29 |      11 |  27.5
        D:4 |     772 |     239 |  23.6 |      29 |       1 |   3.3
        D:5 |     662 |      58 |   8.1 |      21 |       4 |  16.0
        D:6 |    1029 |       0 |   0.0 |      31 |       0 |   0.0
        D:7 |     125 |       0 |   0.0 |       8 |       0 |   0.0
            +---------+---------+-------+---------+---------+-------
